 Dungeon Crawl Stone Soup version 0.22-a0-480-g991dd4b (webtiles) character file.

21 Gildenfire the Charmwright (level 2, 0/14 HPs)
             Began as a Spriggan Skald on June 16, 2018.
             Killed by divine providence
             ... invoked by an orc priest
              (13 damage)
             ... on level 2 of the Dungeon.
             The game lasted 00:06:17 (781 turns).

Gildenfire the Charmwright (Spriggan Skald)          Turns: 781, Time: 00:06:17

Health: 0/14       AC:  4    Str:  7    XL:     2   Next: 65%
Magic:  3/6        EV: 19    Int: 14    God:
Gold:   61         SH:  0    Dex: 15    Spells: 5/6 levels left

rFire    . . .     SeeInvis +   a - +0 short sword
rCold    . . .     Gourm    .   (shield restricted)
rNeg     . . .     Faith    .   b - +0 robe
rPois    .         Spirit   .   (helmet restricted)
rElec    .         Reflect  .   g - +1 cloak
rCorr    .         Harm     +   (gloves unavailable)
MR       .....                  (boots unavailable)
Stlth    ++........             e - amulet of harm
HPRegen  0.04/turn              (no ring)
MPRegen  0.10/turn              (no ring)

@: infused, very quick
A: very small, unfitting armour, see invisible, herbivore, speed 3, slow
metabolism 2
a: no special abilities


You were on level 2 of the Dungeon.
You were not hungry.

You visited 1 branch of the dungeon, and saw 2 of its levels.

You collected 61 gold pieces.

Inventory:

Hand Weapons
 a - a +0 short sword (weapon)
Armour
 b - a +0 robe (worn)
 g - a +1 cloak (worn)
Jewellery
 e - an amulet of harm (around neck)
Scrolls
 c - a scroll of identify
 j - a scroll of teleportation {unknown}
Potions
 f - 2 potions of lignification
 h - 2 potions of heal wounds {unknown}
 i - a potion of degeneration {unknown}
Comestibles
 d - 4 rations


   Skills:
 + Level 1.6 Fighting
 * Level 2.8 Short Blades
 + Level 3.7 Dodging
 + Level 0.7 Stealth
 + Level 2.8 Spellcasting
 + Level 4.9 Charms


You had 5 spell levels left.
You knew the following spells:

 Your Spells              Type           Power        Failure   Level  Hunger
a - Infusion              Chrm           ###.         3%          1    #......

Your spell library contained the following spells:

 Spells                   Type           Power        Failure   Level  Hunger
 Regeneration             Chrm/Necr      #.........   24%         3    ###....
 Shroud of Golubria       Chrm/Tloc      #.........   12%         2    ##.....
 Song of Slaying          Chrm           ###.....     4%          2    ##.....
 Spectral Weapon          Hex/Chrm       #.......     24%         3    ###....


Dungeon Overview and Level Annotations

Branches:
Dungeon (2/15)

Altars:


Innate Abilities, Weirdness & Mutations

You are very small and have problems with some larger weapons.
You are too small for most types of armour.
You have supernaturally acute eyesight. (SInv)
You are a herbivore.
You cover ground extremely quickly.
You need to consume almost no food.


Message History

You start resting.
The orc priest is too close now for your liking.
You start resting.
The orc priest is too close now for your liking.
Casting: Infusion (safe; 3% risk of failure)
Confirm with . or Enter, or press ? or * to list all spells.
You begin infusing your attacks with magical energy.
The orc priest completely misses you.
You hit the orc priest.
The orc priest is moderately wounded.
The orc priest closely misses you.
You hit the orc priest!
The orc priest is almost dead.
The orc priest closely misses you.
You barely miss the orc priest.
The orc priest is almost dead.
The orc priest invokes the aid of Beogh against you.
Beogh smites you!
Ouch! That really hurt!
You die...

.# ##.# ##..o
#.... #.#.# ##.#o#
#..#.# #....
#@#..# ... #....
#.o..#.......#...
#...#.#.#...#.#..#
#####.#.......#.[#
#.##.....##..#
#.###$⌠$###..#
#..#######...#
##.........#.#
##.......##[#


You could see an orc priest.

Vanquished Creatures
  An ooze (D:1)
  A ball python (D:1)
  A goblin (D:1)
  2 hobgoblins
  3 bats
  5 frilled lizards (D:1)
  A kobold (D:1)
  5 rats (D:1)
19 creatures vanquished.

Notes
Turn   | Place    | Note
-------+----------+-------------------------------------------
     0 | D:1      | Gildenfire the Spriggan Skald began the quest for the Orb.
     0 | D:1      | Reached XP level 1. HP: 10/10 MP: 5/5
   313 | D:1      | Reached XP level 2. HP: 11/14 MP: 6/6
   781 | D:2      | Killed from afar by an orc priest

Vault maps used:
D:1:      onia_arrival_handbag
D:2:      cheibrodos_pilgrimage

Action                   || total
-------------------------++-------
Melee: Short sword       ||    64
 Cast: Infusion          ||     4
  Use: Scroll            ||     3
 Stab: Sleeping          ||     1
Armor: Robe              ||    14
Dodge: Dodged            ||    58

Table legend:
 A = Spawn XP
 B = Non-spawn XP
 C = Spawn XP percentage of total XP
 D = Spawn monster count
 E = Non-spawn monster count
 F = Spawn count percentage of total count
 G = Total turns spent on level
                    A         B        C        D         E        F      G
               +---------+---------+-------+---------+---------+-------+---------
         Total |       0 |      31 |   0.0 |       0 |      19 |   0.0 |   781
               +---------+---------+-------+---------+---------+-------+---------
           D:1 |       0 |      27 |   0.0 |       0 |      17 |   0.0 |   697
           D:2 |       0 |       4 |   0.0 |       0 |       2 |   0.0 |    84
               +---------+---------+-------+---------+---------+-------+---------
